 Dungeon Crawl Stone Soup version 0.17-a0-776-gd86b262 (webtiles) character file.

9968 RobertPalmer the Carver (level 11, -10/82 HPs)
             Began as a Black Draconian Fighter on Apr 24, 2015.
             Was a Priest of Ru.
             Mangled by a shadow (27 damage)
             ... on level 11 of the Dungeon on Apr 25, 2015.
             The game lasted 00:29:52 (12691 turns).

RobertPalmer the Carver (Black Draconian Fighter)  Turns: 12691, Time: 00:29:52

Health: -10/82     AC: 15    Str: 18    XL:     11   Next: 30%
Magic:  9/9        EV: 12    Int: 12    God:    Ru [***...]
Gold:   556        SH: 10    Dex: 11    Spells: 0 memorised, 10 levels left

rFire  . . .     SeeInvis .     a - +0 scimitar
rCold  . . .     Clarity  +     (armour unavailable)
rNeg   . . .     SustAb   .     o - +2 shield
rPois  .         Gourm    .     (helmet restricted)
rElec  +         Spirit   .     P - +2 cloak
rCorr  .         Warding  .     i - +1 pair of gloves
rMut   .         Stasis   .     E - +2 pair of boots
MR     +....                    S - amulet of clarity {Clar, !d}
Stlth  +.........               Q - +2 ring of slaying
                                B - ring of protection from magic {MR+, !d}

@: short of breath, drained, somewhat resistant to hostile enchantments, very
unstealthy
A: breathe lightning, unfitting armour, low mp 1, electricity resistance,
cold-blooded, hated by all, unskilled 1, AC +7
a: Breathe Lightning, Draw Out Power, Renounce Religion


You were on level 11 of the Dungeon.
You worshipped Ru.
Ru was most pleased with you.
You were very hungry.

You visited 1 branch of the dungeon, and saw 11 of its levels.

You collected 556 gold pieces.

Inventory:

Hand weapons
 a - a +0 scimitar (weapon)
   (You found it on level 5 of the Dungeon)
 b - a +0 blowgun
   (You took it off a kobold on level 7 of the Dungeon)
Missiles
 m - 70 poisoned needles
 J - 2 curare-tipped needles
 T - a throwing net {=f, !d}
Armour
 i - a +1 pair of gloves (worn)
   (You found it on level 1 of the Dungeon)
 o - a +2 shield (worn)
   (You found it on level 1 of the Dungeon)
 E - a +2 pair of boots (worn)
   (You found it on level 5 of the Dungeon)
 P - a +2 cloak (worn)
   (You took it off Crazy Yiuf on level 3 of the Dungeon)
Magical staves
 K - an uncursed staff of death {rN+}
   (You found it on level 9 of the Dungeon)
 M - an uncursed staff of power {MP+17, !a}
   (You took it off an orc on level 7 of the Dungeon)
Jewellery
 j - an uncursed ring of stealth {Stlth+}
   (You found it on level 3 of the Dungeon)
 q - an uncursed ring of magical power {MP+9}
   (You found it on level 2 of the Dungeon)
 s - a +4 ring of dexterity
   (You found it on level 10 of the Dungeon)
 x - an uncursed ring of protection from magic {MR+, !d}
   (You found it on level 5 of the Dungeon)
 B - a ring of protection from magic (left hand) {MR+, !d}
   (You found it on level 5 of the Dungeon)
 Q - a +2 ring of slaying (right hand)
   (You found it on level 8 of the Dungeon)
 S - an amulet of clarity (around neck) {Clar, !d}
   (You found it on level 8 of the Dungeon)
Magical devices
 O - a wand of slowing (29)
   (You found it on level 9 of the Dungeon)
 R - a wand of paralysis (7)
   (You found it on level 8 of the Dungeon)
 W - a wand of heal wounds (0)
   (You found it on level 9 of the Dungeon)
 Y - a wand of lightning (5)
   (You found it on level 9 of the Dungeon)
Scrolls
 c - a scroll of fear {unknown}
 h - 5 scrolls of recharging
 k - 2 scrolls of immolation {!r}
 l - 2 scrolls of teleportation
 t - 4 scrolls of remove curse
 w - 2 scrolls of enchant armour
 y - 2 scrolls of amnesia
 C - a scroll of enchant weapon
 L - a scroll of magic mapping {unknown}
 X - a scroll of blinking {unknown}
Potions
 e - 2 potions of cure mutation {unknown}
 g - 7 potions of curing
 p - a potion of flight {unknown}
 r - a potion of ambrosia {unknown}
 v - 2 potions of lignification {unknown}
 z - a potion of poison {unknown}
 A - a potion of berserk rage {unknown}
 D - 2 potions of restore abilities {unknown}
 H - a potion of agility {unknown}
 I - a potion of brilliance {unknown}
 N - 2 potions of invisibility {unknown}
 U - a potion of beneficial mutation {unknown}
 V - a potion of heal wounds {unknown}
 Z - a potion of mutation {unknown}
Comestibles
 d - 11 bread rations {@e1}
 f - 8 beef jerkies
 u - 5 meat rations {@e2}
 F - 2 slices of pizza
 G - 6 fruits


   Skills:
 - Level 3.0(2.6) Fighting
 + Level 14.3(13.8) Long Blades
 - Level 6.7(6.4) Dodging
 - Level 2.6(2.3) Shields


You had 10 spell levels left.
You didn't know any spells.

Dungeon Overview and Level Annotations

Branches:
Dungeon (11/15)            Temple (0/1) D:4            Lair (0/8) D:9
    Orc (0/4) D:11

Altars:
Ashenzari
Dithmenos
Fedhas
Gozag
Kikubaaqudgha
Makhleb
Qazlal
Ru
Sif Muna
Zin
The Shining One

Shops:
D:10 (

Annotations:
D:11 Urug


Innate Abilities, Weirdness & Mutations

You can breathe wild blasts of lightning.
Your glossy black scales are hard (AC +7).
Your body does not fit into most forms of armour.
Your magical capacity is low (-10% MP).
You are resistant to electric shocks.
You are cold-blooded and may be slowed by cold attacks.
You are hated by all.
You are somewhat unskilled (-1 Apt).


Message History

The goblin skeleton barely misses you.
You slash the goblin skeleton!
You destroy the goblin skeleton!
No target in view!
No target in view!
No target in view!
No target in view!
No target in view!
Urug the Orcish Ballista comes into view.
He is wielding a great sword of draining.
You are feeling very hungry.
Urug shouts!
You hear a mighty clap of thunder!
The bolt of lightning misses Urug.
Evoking this partially-identified wand wasted a few charges.
You hear a shout! x5
Urug throws a silver javelin.
The silver javelin hits you!
You take 16 damage, and have 60/82 hp.
You fail to use your ability.
Urug throws a silver javelin.
The silver javelin hits you.
You take 1 damage, and have 59/82 hp.
You breathe a wild blast of lightning!
You hear a mighty clap of thunder! x2
You feel somewhat more hungry.
You hear a shout!
Urug says, "They call me one-eyed Urug.
When I'm done with you they'll have to call you no-head RobertPalmer."
Urug throws a silver javelin.
The silver javelin barely misses you.
A phantom comes into view.
An orc zombie comes into view.
Read which item? (? for menu, Esc to quit)
As you read the scroll labeled QIGHOU ULAFF, it crumbles to dust.
It is a scroll of enchant armour.
Enchant which item? (? for menu, Esc to quit)
Your +0 pair of gloves glows green for a moment.
Read which item? (? for menu, Esc to quit)
As you read the scroll labeled REXTASTRERO, it crumbles to dust.
You feel forgetful for a moment.
It was a scroll of amnesia.
The phantom hits you.
The phantom blinks!
You take 6 damage, and have 54/82 hp.
You closely miss Urug.
Urug hits you with a great sword of draining!
You feel drained.
You take 11 damage, and have 43/82 hp.
Okay, then.
Read which item? (? for menu, Esc to quit)
Okay, then.
Drink which item? (? for menu, Esc to quit)
You feel better.
The phantom blinks!
You block Urug's attack.
You regained 9 hp, and now have 52/82 hp.
You miss Urug. You tail-slap Urug, but do no damage.
Urug throws a silver javelin.
The silver javelin hits you!! The orc zombie closely misses you.
You see here a silver javelin.
You take 25 damage, and have 27/82 hp.
MASSIVE DAMAGE!!
Read which item? (? for menu, Esc to quit)
As you read the scroll of teleportation, it crumbles to dust.
You feel strangely unstable.
You hit Urug but do no damage.
Your surroundings suddenly seem different.
A hill giant comes into view. It is wielding a giant club.
The hill giant shouts!
You block the hill giant's attack.
Found a crooked copper wand and 16 gold pieces.
Found a stone staircase leading down and a stone staircase leading up.
A gargoyle, an ice beast, a zombie and a skeleton come into view.
Unknown command.
Read which item? (? for menu, Esc to quit)
As you read the scroll of teleportation, it crumbles to dust.
You feel strangely unstable.
Unknown command.
The giant frog skeleton hits you but does no damage.
You block the ice beast's attack.
Your surroundings suddenly seem different.
An orc comes into view. It is wielding a war axe.
The orc shouts!
A shadow comes into view.
The shadow slips into darkness.
The shadow flickers and vanishes!
Deactivating autopickup; reactivate with Ctrl-A.
A hobgoblin and a zombie come into view.
The shadow strikes at you from the darkness!
Reactivating autopickup.
A shadow comes into view.
You take 5 damage, and have 25/82 hp.
The shadow slips into darkness.
The shadow flickers and vanishes!
Deactivating autopickup; reactivate with Ctrl-A.
Unknown command.
You closely miss something. You tail-slap something.
The shadow strikes at you from the darkness!
* * * LOW HITPOINT WARNING * * *
Reactivating autopickup.
You take 9 damage, and have 16/82 hp.
You slash the shadow!
The shadow slips into darkness.
The shadow flickers and vanishes!
Deactivating autopickup; reactivate with Ctrl-A.
You hit something but do no damage. You tail-slap something.
The shadow strikes at you from the darkness!
You die...

#.....W
#..#.##
#..#.##o. #
##.#(# #..o..
#..##.## #.#
#.#
###########.
..#
#@o...(..##
.#..
#.{......#
.#..
#........# .
#.##
#....Z...# ###
#.....!.......
#............
#............
#.......Z...g
######...###


You could see an orc and an orc zombie.

Vanquished Creatures
  An unseen horror (D:10)
  2 hill giants (D:11)
  Pikel (D:7)
  2 ugly things (D:11)
  Psyche (D:8)
  4 komodo dragons (D:9)
  3 wyverns
  A hill giant zombie (D:11)
  6 killer bees
  4 hungry ghosts
  A hippogriff (D:8)
  2 soldier ants
  A water moccasin (D:11)
  4 slaves (D:7)
  An orc warrior (D:10)
  An ice beast (D:6)
  2 sky beasts
  A black bear (D:10)
  4 centaurs
  3 ogres
  A necrophage (D:7)
  A big kobold (D:7)
  A phantom (D:5)
  4 crocodiles (D:9)
  4 giant frogs
  6 scorpions
  A giant frog zombie (D:9)
  5 crimson imps
  A jelly (D:8)
  Crazy Yiuf (D:3)
  A centaur skeleton (D:7)
  5 iguanas
  7 orc priests
  A quasit (D:8)
  Ijyb (D:2)
  10 orc wizards
  7 worker ants
  Jessica (D:2)
  2 hounds
  Natasha (thrice) (D:3)
  2 giant frog skeletons
  4 ogre zombies (D:11)
  2 hound zombies
  A hound skeleton (D:9)
  7 adders
  4 gnolls (D:5)
  4 shadow imps
  2 adder zombies
  3 oozes
  3 worms
  10 giant geckos
  40 orcs
  A ball python (D:4)
  A bat skeleton (D:4)
  A bat zombie (D:6)
  4 giant cockroaches
  16 goblins
  13 hobgoblins
  12 jackals
  17 kobolds
  3 quokkas
  14 bats
  6 giant newts
  A goblin skeleton (D:11)
  A goblin zombie (D:11)
  A hobgoblin skeleton (D:11)
  2 hobgoblin zombies (D:11)
  A jackal zombie (D:5)
  10 orc zombies (D:11)
  A quokka zombie (D:9)
  17 rats
312 creatures vanquished.

Vanquished Creatures (collateral kills)
  2 killer bees (D:7)
2 creatures vanquished.

Vanquished Creatures (others)
  A giant frog (D:6)
  2 killer bees (D:7)
  A killer bee zombie (D:7)
  An adder skeleton (D:8)
  A kobold (D:9)
6 creatures vanquished.

Grand Total: 320 creatures vanquished

Notes
Turn   | Place    | Note
--------------------------------------------------------------
     0 | D:1      | RobertPalmer, the Draconian Fighter, began the quest for the Orb.
     0 | D:1      | Reached XP level 1. HP: 19/19 MP: 1/1
   214 | D:1      | Reached XP level 2. HP: 26/26 MP: 2/2
   569 | D:1      | Reached skill level 3 in Long Blades
   871 | D:2      | Found a shattered altar of Ashenzari.
   917 | D:2      | Found a sacrificial altar of Ru.
   979 | D:2      | Noticed Jessica
   988 | D:2      | Killed Jessica
   988 | D:2      | Reached skill level 4 in Long Blades
   988 | D:2      | Reached XP level 3. HP: 25/31 MP: 3/3
  1010 | D:2      | Became a worshipper of Ru the Awakened
  1248 | D:2      | Noticed Ijyb
  1336 | D:2      | Killed Ijyb
  1336 | D:2      | Reached XP level 4. HP: 14/38 MP: 4/4
  1738 | D:2      | Found a glowing silver altar of Zin.
  1738 | D:2      | Found an opulent altar of Gozag.
  2166 | D:3      | HP: 9/38 [worm (11)]
  2167 | D:3      | Reached skill level 5 in Long Blades
  2167 | D:3      | HP: 4/38 [giant gecko (5)]
  2398 | D:3      | Noticed Natasha
  2416 | D:3      | Killed Natasha
  2416 | D:3      | Reached XP level 5. HP: 15/45 MP: 5/5
  2634 | D:3      | Gained mutation: Your magical capacity is low (-10% MP). [Ru sacrifice]
  2693 | D:3      | Noticed Natasha
  2718 | D:3      | Killed Natasha
  3035 | D:3      | Noticed Crazy Yiuf
  3040 | D:3      | Killed Crazy Yiuf
  3128 | D:3      | Reached skill level 6 in Long Blades
  3152 | D:3      | Reached XP level 6. HP: 41/51 MP: 5/5
  3295 | D:3      | Noticed Natasha
  3301 | D:3      | Killed Natasha
  3801 | D:4      | Found a staircase to the Ecumenical Temple.
  3864 | D:4      | Reached skill level 7 in Long Blades
  4279 | D:5      | Entered Level 5 of the Dungeon
  4324 | D:5      | Your scales start taking on a glossy black colour.
  4324 | D:5      | Gained mutation: You are resistant to electric shocks. [Black Draconian growth]
  4324 | D:5      | Reached XP level 7. HP: 43/57 MP: 6/6
  4486 | D:5      | Reached skill level 8 in Long Blades
  4908 | D:5      | Found a glowing golden altar of the Shining One.
  5194 | D:5      | Reached skill level 9 in Long Blades
  5244 | D:5      | Gained mutation: You are somewhat unskilled (-1 Apt). [Ru sacrifice]
  5244 | D:5      | Reduced skill Long Blades to level 8
  5244 | D:5      | Reduced skill Shields to level 2
  5244 | D:5      | Acquired Ru's first power
  5244 | D:5      | Acquired Ru's second power
  5621 | D:5      | Found a burning altar of Makhleb.
  5621 | D:5      | Noticed a fire elemental
  5624 | D:5      | Found a stormy altar of Qazlal.
  6113 | D:6      | Reached XP level 8. HP: 63/63 MP: 7/7
  6206 | D:6      | Reached skill level 9 in Long Blades
  6488 | D:6      | Found an ancient bone altar of Kikubaaqudgha.
  7071 | D:7      | Reached skill level 10 in Long Blades
  7208 | D:7      | HP: 15/63 [poisoned by a soldier ant]
  7213 | D:7      | HP: 12/63 [poisoned by a soldier ant]
  7219 | D:6      | HP: 10/63 [poisoned by a soldier ant]
  7225 | D:6      | HP: 9/63 [poisoned by a soldier ant]
  7233 | D:6      | HP: 9/63 [poisoned by a soldier ant]
  7517 | D:7      | Reached XP level 9. HP: 69/69 MP: 8/8
  7618 | D:7      | Reached skill level 11 in Long Blades
  7658 | D:7      | Noticed Pikel
  7801 | D:7      | Killed Pikel
  7820 | D:7      | Gained mutation: You are hated by all. [Ru sacrifice]
  7820 | D:7      | Acquired Ru's third power
  8191 | D:7      | Reached skill level 12 in Long Blades
  8409 | D:8      | Noticed Psyche
  8420 | D:8      | Killed Psyche
  8523 | D:8      | Found a deep blue altar of Sif Muna.
  8526 | D:8      | Found a shadowy altar of Dithmenos.
  8529 | D:8      | Found a blossoming altar of Fedhas.
  9120 | D:9      | Reached XP level 10. HP: 77/77 MP: 9/9
  9287 | D:9      | Reached skill level 13 in Long Blades
  9557 | D:9      | Identified the Handbook of Unholy Secrets
  9692 | D:9      | Noticed a komodo dragon
  9739 | D:9      | Killed a komodo dragon
  9739 | D:9      | Reached skill level 3 in Dodging
  9744 | D:9      | HP: 16/77 [iguana (5)]
 10194 | D:9      | Noticed a komodo dragon
 10248 | D:9      | Killed a komodo dragon
 10248 | D:9      | Reached skill level 4 in Dodging
 10449 | D:9      | Noticed a komodo dragon
 10472 | D:9      | Killed a komodo dragon
 10525 | D:9      | Noticed a komodo dragon
 10557 | D:9      | Killed a komodo dragon
 10557 | D:9      | Reached skill level 5 in Dodging
 10589 | D:9      | Got a pair of ichor-stained gloves
 10590 | D:9      | Identified the +0 pair of gloves of Caul Jerr {-Cast rElec rN+ Str+7} (You found it on level 9 of the Dungeon)
 10747 | D:9      | Found a staircase to the Lair.
 10891 | D:10     | Entered Level 10 of the Dungeon
 10939 | D:10     | Found Eninura's Antique Weapon Emporium.
 11299 | D:10     | Noticed an unseen horror
 11301 | D:10     | Killed an unseen horror
 11301 | D:10     | Reached skill level 6 in Dodging
 12087 | D:11     | Noticed a hill giant
 12105 | D:11     | Killed a hill giant
 12105 | D:11     | Reached XP level 11. HP: 43/82 MP: 9/9
 12231 | D:11     | Found a staircase to the Orcish Mines.
 12231 | D:11     | Noticed a cyan ugly thing
 12257 | D:11     | Killed a cyan ugly thing
 12273 | D:11     | Noticed a hill giant
 12285 | D:11     | Killed a hill giant
 12285 | D:11     | Reached skill level 14 in Long Blades
 12366 | D:11     | Noticed a purple ugly thing
 12385 | D:11     | HP: 16/82 [purple ugly thing (12)]
 12386 | D:11     | HP: 4/82 [purple ugly thing (12)]
 12396 | D:11     | Killed a purple ugly thing
 12398 | D:11     | HP: 20/82 [centaur (2)]
 12412 | D:11     | HP: 19/82 [orc zombie (4)]
 12662 | D:11     | Noticed Urug
 12680 | D:11     | Noticed a hill giant
 12689 | D:11     | HP: 16/82 [something (9)]
 12691 | D:11     | Mangled by a shadow

Action                   |  1- 3 |  4- 6 |  7- 9 | 10-12 || total
-------------------------+-------+-------+-------+-------++-------
Melee: Long sword        |    95 |   286 |     3 |       ||   384
       Unarmed           |    10 |       |       |       ||    10
       Scimitar          |       |       |   505 |   413 ||   918
 Fire: Blowgun           |       |       |    11 |     1 ||    12
Throw: Throwing net      |       |       |       |     1 ||     1
Invok: Sacrifice Essence |       |     1 |       |       ||     1
       Sacrifice Skill   |       |       |     1 |       ||     1
       Sacrifice Love    |       |       |     1 |       ||     1
       Reject Sacrifices |       |       |       |     1 ||     1
       Draw Out Power    |       |       |       |     1 ||     1
 Abil: Breathe Lightning |       |       |     6 |    10 ||    16
Evoke: Wand              |       |       |     3 |     3 ||     6
  Use: Scroll            |       |    10 |     3 |     8 ||    21
       Potion            |       |       |     2 |     1 ||     3
 Stab: Sleeping          |       |     4 |     3 |       ||     7
       Invisible         |       |       |     4 |     2 ||     6
       Distracted        |       |       |     1 |     1 ||     2
       Paralysed         |       |       |       |     4 ||     4
  Eat: Chunk             |     1 |    10 |    14 |    10 ||    35
       Pizza             |       |       |     2 |     2 ||     4
       Royal jelly       |       |       |       |     1 ||     1

Vault maps used:
D:1:      dpeg_arrival_boxorama, serial_bayou, serial_bayou_shore_a,
          serial_bayou_pond_e, serial_bayou_pond_e, serial_bayou_lagoon_b
D:2:      grunt_temple_overflow_gold_and_silver, old_standard_altar,
          ashenzari_conservatory_becter, minmay_misc_feat_pillars, nrook_uturn,
          eino_tiny_chamber, uniq_jessica, uniq_iyjb
D:3:      serial_park_square1, first_bread, portal_sewer_entry_d, uniq_natasha,
          uniq_crazy_yiuf_cottage
D:4:      temple_fountains, grunt_ministairs_5
D:5:      pf_overflow_fires_of_destruction, lemuel_crystal_altar,
          minmay_misc_feat_ornament, kennysheep_generic_room_5
D:6:      lemuel_doored_altar
D:7:      minmay_curled_crystal, grunt_ogre_cave, minmay_misc_feat_rows,
          minmay_stone_trees_medium, uniq_pikel
D:8:      grunt_temple_overflow_diamond, uniq_psyche
D:9:      erik_lair_dragon
D:10:     serial_shops, nicolae_shop_crystal, kennysheep_generic_room_9
D:11:     zombieorc1_lemuel, uniq_urug

Table legend:
 A = Turns spent in this place as a percentage of turns spent in the entire game.
 B = Non-inter-level travel turns spent in this place as a percentage of non-inter-level travel turns spent in the entire game.
 C = Inter-level travel turns spent in this place as a percentage of turns spent in this place.
 D = Turns resting spent in this place as a percentage of non-inter-level travel turns spent in this place.
 E = Turns spent auto-exploring this place as a percentage of non-inter-level travel turns spent in this place.
 F = Non-inter-level travel turns spent in this place divided by the number of levels of this place that you've seen.
                   A       B       C       D       E      F
               +-------+-------+-------+-------+-------+----------------------
         Total | 100.0 | 100.0 |   0.3 |   1.8 |   6.5 | 453.8
       Dungeon | 100.0 | 100.0 |   0.3 |   1.8 |   6.5 | 453.8
               +-------+-------+-------+-------+-------+----------------------

Table legend:
 A = Kills in this place as a percentage of kills in entire the game.
 B = Kills by you in this place as a percentage of kills by you in the entire game.
 C = Kills by friends in this place as a percentage of kills by friends in the entire game.
 D = Other kills in this place as a percentage of other kills in the entire game.
 E = Experience gained in this place as a percentage of experience gained in the entire game.
 F = Experience gained in this place divided by the number of levels of this place that you have seen.
                   A       B       C       D       E      F
               +-------+-------+-------+-------+-------+----------------------
         Total | 100.0 | 100.0 | 100.0 | 100.0 | 100.0 | 1294.6
       Dungeon | 100.0 | 100.0 | 100.0 | 100.0 | 100.0 | 1294.6
               +-------+-------+-------+-------+-------+----------------------
